[Event "*** Titled Tuesday Blitz"]
[Site "Chess.com"]
[Date "2019.07.02"]
[Round "5"]
[White "GMKrikor"]
[Black "RitvarsReimanis"]
[Result "1/2-1/2"]
[WhiteElo "2722"]
[BlackElo "2586"]
[TimeControl "180+2"]
[EndTime "14:12:44 PDT"]
[Termination "Game drawn by 50-move rule"]

1. Nf3 Nf6 2. c4 e6 3. e3 d5 4. d4 Be7 5. Bd3 O-O 6. O-O dxc4 7. Bxc4 c5 8. Nc3 Nc6 9. a3 a6 10. Ba2 b5 11. dxc5 Bxc5 12. Qc2 Qb6 13. Ng5 Be7 14. Bd2 Bb7 15. Rac1 Ne5 16. Bb1 Ng6 17. Qd1 Rad8 18. Qe2 Rd7 19. Nce4 Nxe4 20. Nxe4 Bxe4 21. Bxe4 Bf6 22.
Bb4 Rfd8 23. Rc6 Qa7 24. Bc5 Qb8 25. Rxa6 Rd2 26. Qf3 Bxb2 27. Bb6 Rf8 28. Bc5 Rfd8 29. g3 f5 30. Bb1 Qc8 31. Qc6 Kf7 32. Qxc8 Rxc8 33.
Bb4 Bc3 34. Rc1 Bxb4 35. Rxc8 Rd1+ 36. Kg2 Rxb1 37. axb4 Rxb4 38. Rc7+ Kf6 39. Raa7 Ne5 40.
Rxg7 Rb2 41. h3 Nd3 42. Raf7+ Ke5 43. g4 Nxf2 44. gxf5 exf5 45. Rxh7 Ne4+ 46. Kg1 Rb1+ 47.
Kg2 Rb2+ 48. Kf1 Ng3+ 49. Ke1 Ke4 50. Kd1 Kxe3 51. Kc1 Rb4 52. Kc2 f4 53. Rhg7 Rc4+ 54. Kb3 Ne4 55. h4 f3 56. h5 f2 57. h6 f1=Q 58. Rxf1 Nd2+ 59. Kb2 Nxf1 60. Re7+ Kf2 61. Rb7 Rc5 62. h7 Rh5 63. h8=Q Rxh8 64. Rxb5 Ne3 65. Kc3 Ke2 66. Re5 Rc8+ 67. Kb3 Kd3 68. Kb4 Kd4 69.
Rh5 Rb8+ 70. Ka4 Nd5 71. Rh4+ Kc5 72. Ka3 Rb1 73. Rh8 Kd4 74. Rh4+ Kd3 75. Rh3+ Ne3 76. Ka4 Rb8 77. Ka5 Kd4 78. Rh4+ Kc3 79. Rh3 Kd3 80.
Ka6 Kd4 81. Ka7 Rb3 82. Ka6 Ra3+ 83. Kb7 Rb3+ 84. Kc6 Rc3+ 85. Kd7 Ra3 86. Ke6 Ra6+ 87. Kf7 Nf5 88. Rh1 Ne3 89. Rh5 Ke4 90. Rb5 Nd5 91. Rb1 Ra7+ 92. Ke6 Nf4+ 93. Kd6 Ra8 94. Rb4+ Ke3 95.
Rb3+ Nd3 96. Ke7 Kd4 97. Rb1 Ra7+ 98. Kf6 Ra6+ 99. Ke7 Nc5 100. Rd1+ Ke5 101. Re1+ Ne4 102. Kd7 Rd6+ 103. Kc7 Rd2 104. Rh1 Nf6 105. Re1+ Kd5 106. Rc1 Ne4 107. Rh1 Rc2+ 108. Kd7 Nf6+ 109. Ke7 Ne4 110. Kd7 Ra2 111. Rh5+ Kc4 112. Rh1 Kd4 113. Kc6 Rc2+ 114. Kd7 1/2-1/2

[Event "*** Titled Tuesday Blitz"]
[Site "Chess.com"]
[Date "2019.07.02"]
[Round "5"]
[White "DenisQ"]
[Black "David_Paravyan"]
[Result "1/2-1/2"]
[WhiteElo "2631"]
[BlackElo "2852"]
[TimeControl "180+2"]
[EndTime "14:13:03 PDT"]
[Termination "Game drawn by repetition"]

1. Nf3 Nf6 2. c4 g6 3. g3 Bg7 4. Bg2 O-O 5. O-O c5 6. Nc3 d5 7. cxd5 Nxd5 8. Nxd5 Qxd5 9. d4 cxd4 10. Be3 Rd8 11. Nxd4 Qh5 12. Qc2 Bxd4 13. Bxd4 Nc6 14. Bxc6 bxc6 15. Rfd1 Bf5 16. Qc4 Rd5 17. Bc3 Rc8 18. f3 Be6 19. Rxd5 Qxd5 20. Qxd5 cxd5 21. Rc1 d4 22. Bd2 Rxc1+ 23. Bxc1 Bxa2 24. Bf4 f6 25. Bb8 a6 26. f4 Kf7 27. Kf2 Ke6 28. Ke1 Kd5 29. Kd2 Ke4 30. Ba7 Bc4 31. Bc5 e5 32.
fxe5 fxe5 33. Bd6 a5 34. h4 a4 35. Bb8 Be6 36. Bc7 Kd5 37. Bb8 Ke4 38. Bc7 Bf5 39.
Bb8 h6 40. Bc7 Kd5 41. Bb8 e4 42. e3 d3 43. Bf4 h5 44. Kc3 Bd7 45. Bb8 Ke6 46. Bc7 Kf5 47. Kd2 Kg4 48. Bb8 Kf3 49. Bc7 Kf2 50. Bb8 Kg2 51. Bc7 Kh3 52. Bb8 Kg4 53.
Bc7 Kf5 54. Bb8 Ke6 55. Bc7 Kd5 56. Kc3 Kc6 57. Bf4 Kc5 58. Bg5 Kd5 59. Bf4 Ke6 60. Bb8 Bc6 61. Bc7 Kf5 62. Bb8 g5 63.
hxg5 Kxg5 64. Bf4+ Kg4 65. Bb8 Bd7 66. Kd2 Kf5 67. Bc7 Ke6 68. Bb8 Kd5 69. Bc7 Kc4 70. Bb8 Kd5 71. Kc3 Bg4 72. Bf4 Bf3 73. Bg5 Kd6 74. Bf4+ Kc5 75. Bg5 Bg4 76. Bf4 Kd5 77. Bb8 Bd7 78. Bf4 Ke6 79. Bb8 Kf5 80. Kd2 Kg4 81. Bc7 Kf3 82. Bb8 Be6 83. Bc7 Bh3 84.
Bb8 Bf1 85. Bc7 Kg4 86. Bb8 Kh3 87. Bc7 Be2 88. Bb8 Bg4 89. Bc7 Be6 90. Bb8 Bb3 91.
Bc7 Bd5 92. Bb8 Bc6 93. Bc7 Bd7 94. Bb8 Bc8 95. Bc7 Bb7 96. Bb8 Ba8 97. Bc7 Bc6 98.
Bb8 Bd5 99. Bc7 Bf7 100. Bb8 Be8 101. Bc7 Bg6 102. Bb8 Bf7 103. Bc7 Kg2 104. Bb8 Kf3 105. Bc7 Kg4 106. Bb8 Bd5 107. Bc7 Bc6 108. Bb8 Bd7 109. Bc7 Bc8 110. Bb8 Ba6 111. Bc7 Bb7 112. Bb8 h4 113. gxh4 Kxh4 114. Bc7 Kg4 115. Bd6 Kf5 116. Ba3 Ke6 117. Ke1 Kd5 118. Kd2 Kc4 119. Be7 Kb3 120. Ba3 Bc8 121. Kc1 Ka2 122. Bd6 d2+ 123. Kxd2 Kxb2 124. Be5+ Kb1 125. Bd6 Kb2 126. Be5+ Kb3 127. Kc1 Ba6 128. Kb1 Bd3+ 129. Ka1 Bc4 130. Bf4 a3 131. Bg5 a2 132. Bh6 Kc3 133. Bg5 Kd3 134. Bf4 Kc2 135. Bg5 Kd3 136. Bf4 Kc2 137. Bh6 Bd5 138. Bg5 Be6 139. Bf4 Kb3 140. Bg5 Bg4 141. Bh6 Be2 142. Bf4 Kc2 143. Kxa2 Bf3 144. Ka3 Kd3 145. Kb4 Ke2 146. Kc5 Kf2 147. Kd4 Kg2 148. Ke5 Kf1 149. Kd4 Kg2 150. Ke5 Kf1 151. Kd4 Kg2 1/2-1/2

[Event "*** Titled Tuesday Blitz"]
[Site "Chess.com"]
[Date "2019.07.02"]
[Round "5"]
[White "pedro_gines"]
[Black "Heineccius"]
[Result "0-1"]
[WhiteElo "2398"]
[BlackElo "2523"]
[TimeControl "180+2"]
[EndTime "14:13:05 PDT"]
[Termination "Heineccius won by checkmate"]

1. d4 Nf6 2. c4 e6 3. Nf3 Bb4+ 4. Nbd2 d6 5. a3 Bxd2+ 6. Qxd2 Nbd7 7. e3 O-O 8. Be2 b6 9. O-O Bb7 10. b4 Qe7 11.
Bb2 Ne4 12. Qd3 c5 13. Rfd1 Rfd8 14. Ne1 d5 15. cxd5 exd5 16. dxc5 bxc5 17. bxc5 Ndxc5 18. Qd4 Ne6 19. Qb4 Qd7 20. Bb5 Bc6 21. Bxc6 Qxc6 22.
Rac1 Qa6 23. a4 Rab8 24. Qa3 Qe2 25. Nd3 Nxf2 26. Nxf2 Rxb2 27. Rf1 Rbb8 28. Kh1 Rbc8 29. Rce1 Qc4 30. e4 d4 31. e5 d3 32. Rd1 d2 33.
Qe7 Rc7 34. Qa3 Rcd7 35. Qf3 Nd4 36. Qg4 Qc2 37. Ne4 Kh8 38. Rxd2 Qc4 39. Rdf2 Ne6 40.
Qf5 Rf8 41. h3 h6 42. Nd6 Rxd6 43. exd6 Qd4 44. Rf3 Qxd6 45. Qe4 Ng5 46. Qf4 Qa6 47.
R3f2 Ne6 48. Qb4 Kg8 49. Qa3 Qc4 50. Qe7 Ng5 51. a5 Ne4 52. Rf3 Ng3+ 53. Rxg3 Qxf1+ 54. Kh2 Qb5 55. Qxa7 h5 56. Qd4 g6 57. Qb6 Qe5 58.
h4 Qf4 59. Kh3 Rb8 60. Qe3 Qf5+ 61. Kh2 Qxa5 62. Qf4 Qd8 63. Rf3 Rb7 64. Kh3 Rd7 65. g4 Rd4 66. Qxf7+ Kh8 67. Qf8+ Qxf8 68. Rxf8+ Kg7 69.
Ra8 Rxg4 70. Ra6 Kh6 71. Rb6 Ra4 72. Rc6 Re4 73. Rb6 Kg7 74. Ra6 Kf7 75. Rb6 Re6 76. Rb1 Kf6 77. Rf1+ Ke5 78. Kg3 Rd6 79. Re1+ Kf6 80.
Rf1+ Ke7 81. Re1+ Re6 82. Ra1 Re4 83. Ra6 Rg4+ 84. Kh3 Rg1 85. Kh2 Rg4 86. Kh3 Kf7 87. Rb6 Re4 88. Rc6 Re6 89. Rc1 Re5 90. Rc6 Re3+ 91.
Kg2 Kg7 92. Kh2 Ra3 93. Rb6 Rd3 94. Kg2 Kf7 95. Rc6 Re3 96. Rb6 Re6 97. Rb1 Re4 98. Kg3 Kf6 99. Rf1+ Ke5 100. Rf8 Re3+ 101. Kg2 Re4 102.
Kg3 Rg4+ 103. Kh3 Ke4 104. Ra8 Rf4 105. Ra4+ Kf3 106. Ra3+ Kf2 107. Ra2+ Kg1 108. Ra1+ Rf1 109. Ra6 Rf3# 0-1

[Event "*** Titled Tuesday Blitz"]
[Site "Chess.com"]
[Date "2019.07.02"]
[Round "5"]
[White "Bryakin_Mikhail"]
[Black "M1711"]
[Result "1/2-1/2"]
[WhiteElo "2664"]
[BlackElo "2502"]
[TimeControl "180+2"]
[EndTime "14:13:40 PDT"]
[Termination "Game drawn by 50-move rule"]

1. d4 Nf6 2. c4 e6 3. g3 c5 4. d5 exd5 5. cxd5 d6 6. Nc3 g6 7. Nf3 Bg7 8. Bg2 O-O 9. O-O Re8 10. Bf4 a6 11. a4 h6 12. Qc1 g5 13.
Bd2 Bf5 14. h4 g4 15. Ne1 Kh7 16. Nc2 Nbd7 17. Ne3 Bg6 18. Nc4 Ne5 19. Na3 b6 20. Kh2 Rb8 21. Bf4 Nh5 22. Be3 Qd7 23. Qd2 b5 24. axb5 axb5 25. Nc2 Nc4 26. Qc1 b4 27. Nd1 Ra8 28. Rxa8 Rxa8 29. b3 Na3 30. Ne1 Qb5 31.
Nd3 Bxd3 32. exd3 Qxd3 33. Bf4 c4 34. Bxd6 cxb3 35. Bxb4 Nc4 36. Bc3 Bxc3 37. Qxc3 Qxc3 38. Nxc3 b2 39. Rb1 Ra1 40. Be4+ Kg7 41. Bd3 Rxb1 42. Nxb1 Nd6 43. Nc3 Nf6 44. Na4 Nxd5 45. Nxb2 Nb4 46.
Be2 h5 47. f3 f5 48. Nd1 Nd5 49. Nf2 Kf6 50. f4 Nc3 51. Bd3 Nce4 52. Nd1 Nc5 53. Bc2 Nb5 54. Ne3 Nd4 55. Bb1 Ke6 56. Ba2+ Kf6 57.
Nd5+ Kg7 58. Ne7 Kf6 59. Nd5+ Kg7 60. Kg2 Ne4 61. Ne3 Kf6 62. Bd5 Nc3 63. Bb7 Nde2 64.
Kf2 Nd4 65. Bc8 Ne4+ 66. Kg2 Nd6 67. Bd7 Ke7 68. Ba4 Kf6 69. Nd5+ Ke6 70. Nc7+ Kf6 71. Bd1 Ne4 72. Nd5+ Ke6 73. Ne3 Kf6 74. Ba4 Ne2 75.
Nf1 Nd4 76. Be8 Nc3 77. Bxh5 Ke7 78. Bg6 Kf6 79. Be8 Ne4 80. Ba4 Ne2 81. Bd1 Nd4 82. Ne3 Kg6 83. Ba4 Ne2 84. Nf1 Nd4 85. Bd7 Kf6 86.
Bc8 Ne2 87. Bb7 Nd6 88. Bd5 Nd4 89. Ne3 Ne2 90. Kf2 Nd4 91. Nd1 N4b5 92. Nb2 Nc3 93. Bc6 Nce4+ 94. Kg2 Nd2 95. Nd3 N2e4 96. Ne5 Nc5 97.
Bd5 Nce4 98. Ba2 Nc3 99. Bb3 Nce4 100. Nd3 Nd2 101. Bd5 N2e4 102. Nc1 Nc3 103. Bc6 Nce4 104. Ne2 Nd2 105. Kf2 N2e4+ 106. Ke3 Ke6 107. Kd4 Kf6 108. Kd5 Nc8 109. Bb7 Ne7+ 110. Kd4 Nd6 111. Bg2 Ke6 112. Nc3 Kf6 113. Kc5 Ne8 114. Bh1 Ng7 115. Kd6 Nh5 116. Ne2 Ng6 117. Bd5 Ne7 118. Be6 Ng6 119. Bd7 Ne7 120. Be8 Ng7 121. Bb5 Nh5 122. Ba4 Ng7 123. Bb3 Ng6 124. Kd7 Nf8+ 125. Kd8 Ng6 126. Bd5 Ne7 127. Bc4 1/2-1/2

[Event "*** Titled Tuesday Blitz"]
[Site "Chess.com"]
[Date "2019.07.02"]
[Round "6"]
[White "deBaller"]
[Black "PNEPaul"]
[Result "1-0"]
[WhiteElo "2364"]
[BlackElo "1828"]
[TimeControl "180+2"]
[EndTime "14:15:38 PDT"]
[Termination "deBaller won by resignation"]

1. e4 e5 2. Nf3 Nc6 3. d4 exd4 4. Bc4 Be7 5. Nxd4 d6 6. O-O Nf6 7. Nc3 O-O 8. h3 h6 9. a4 Nxe4 10. Nxe4 d5 11. Nxc6 bxc6 12. Bd3 dxe4 13. Bxe4 Ba6 14. Qxd8 1-0

[Event "*** Titled Tuesday Blitz"]
[Site "Chess.com"]
[Date "2019.07.02"]
[Round "6"]
[White "Gogolev_Artemy"]
[Black "Caisachess"]
[Result "0-1"]
[WhiteElo "2419"]
[BlackElo "2382"]
[TimeControl "180+2"]
[EndTime "14:15:55 PDT"]
[Termination "Caisachess won by resignation"]

1. Nf3 Nf6 2. d4 e6 3. g3 d5 4. Bg2 Be7 5. O-O O-O 6. c4 dxc4 7. Qc2 a6 8. Qxc4 b5 9. Qc2 Bb7 10. Bd2 Nc6 11. e3 Nb4 12. Bxb4 Bxb4 13. Rd1 Be4 14. Qc1 Qd5 15. Ne1 Bxe1 16. Nc3 Bxc3 0-1

[Event "*** Titled Tuesday Blitz"]
[Site "Chess.com"]
[Date "2019.07.02"]
[Round "6"]
[White "CarrotsandPizza"]
[Black "VeraNebolsina"]
[Result "0-1"]
[WhiteElo "2264"]
[BlackElo "2382"]
[TimeControl "180+2"]
[EndTime "14:16:26 PDT"]
[Termination "VeraNebolsina won by checkmate"]

1. e4 g6 2. d4 Bg7 3. Nc3 d6 4. f4 Nf6 5. Bc4 Nxe4 6. Bxf7+ Kxf7 7. Nxe4 h6 8. Nf3 Rf8 9. Be3 Kg8 10. Qd2 Bf5 11.
Nf2 c5 12. O-O-O c4 13. d5 c3 14. bxc3 Qa5 15. Bd4 Qxa2 16. Qe3 Qxc2# 0-1

[Event "*** Titled Tuesday Blitz"]
[Site "Chess.com"]
[Date "2019.07.02"]
[Round "6"]
[White "WeAintSurePal"]
[Black "Gattass"]
[Result "0-1"]
[WhiteElo "2307"]
[BlackElo "2297"]
[TimeControl "180+2"]
[EndTime "14:17:37 PDT"]
[Termination "Gattass won by resignation"]

1. Nf3 d5 2. b3 c5 3. Bb2 Nc6 4.
e3 Nf6 5. Bb5 Bd7 6. O-O a6 7.
Bxc6 Bxc6 8. Ne5 Rc8 9. f4 e6 10.
d3 Be7 11. Nd2 O-O 12. Qe1 Be8 13. Ndf3 Nd7 14. Qg3 f6 15. Nxd7 Qxd7 16. e4 c4 17. dxc4 dxc4 18. Rad1 Qc6 19. Nd4 Bc5 20. Kh1 Bxd4 21.
Rxd4 cxb3 22. cxb3 Qc2 23. Ba1 Bg6 24. f5 exf5 25.
exf5 Bxf5 26. Rd7 Bxd7 0-1

[Event "*** Titled Tuesday Blitz"]
[Site "Chess.com"]
[Date "2019.07.02"]
[Round "6"]
[White "Ceejay271"]
[Black "Superfelix"]
[Result "1-0"]
[WhiteElo "2275"]
[BlackElo "2343"]
[TimeControl "180+2"]
[EndTime "14:17:39 PDT"]
[Termination "Ceejay271 won by resignation"]

1. d4 Nf6 2. Nf3 g6 3. Bg5 Bg7 4. Nbd2 d5 5. e3 c6 6. Bd3 Bf5 7. Bxf5 gxf5 8. c3 Nbd7 9. Ne5 Nxe5 10. dxe5 Ne4 11. Bf4 e6 12. Nxe4 fxe4 13. Qg4 Kf8 14. h4 a5 15. h5 h6 16. Rh3 Qc7 17. Qg3 a4 18. a3 Ra5 19. Rh4 Rb5 20. Rg4 Rh7 21.
Rxg7 Rxg7 22. Bxh6 Qb6 23. Qxg7+ Ke7 24. Bg5+ Kd7 25.
Qxf7+ 1-0

[Event "*** Titled Tuesday Blitz"]
[Site "Chess.com"]
[Date "2019.07.02"]
[Round "6"]
[White "Warerman"]
[Black "DoHoChess"]
[Result "1/2-1/2"]
[WhiteElo "2448"]
[BlackElo "2557"]
[TimeControl "180+2"]
[EndTime "14:18:08 PDT"]
[Termination "Game drawn by repetition"]

1. d4 Nf6 2. c4 e6 3. Nc3 Bb4 4. e3 O-O 5. Bd3 c5 6. Nf3 d5 7. O-O cxd4 8. exd4 dxc4 9. Bxc4 b6 10. Bg5 Bb7 11. Rc1 Nbd7 12. Re1 Rc8 13. Bd3 h6 14.
Bh4 Be7 15. Bb1 Nd5 16. Qd3 g6 17. Nxd5 Bxh4 18. Rxc8 Qxc8 19. Nf4 Bf6 20. Nxg6 fxg6 21. Qxg6+ Bg7 22. Qh7+ Kf7 23. Qg6+ Kg8 24. Qh7+ Kf7 25. Qg6+ Kg8 1/2-1/2

[Event "*** Titled Tuesday Blitz"]
[Site "Chess.com"]
[Date "2019.07.02"]
[Round "6"]
[White "pandamaster3000"]
[Black "pr1105"]
[Result "1-0"]
[WhiteElo "2280"]
[BlackElo "2200"]
[TimeControl "180+2"]
[EndTime "14:18:26 PDT"]
[Termination "pandamaster3000 won by resignation"]

1. e4 e5 2. Nf3 Nc6 3. Bb5 Nf6 4. d4 exd4 5. O-O Nxe4 6. Re1 d5 7. Nxd4 Bd7 8.
Bxc6 bxc6 9. f3 Bd6 10. fxe4 Qh4 11. exd5+ Kf8 12. Nf3 Qh5 13. Ne5 Bc5+ 14. Kh1 Qf5 15.
Nxd7+ Qxd7 16. dxc6 Qxc6 17. Qf3 1-0

[Event "*** Titled Tuesday Blitz"]
[Site "Chess.com"]
[Date "2019.07.02"]
[Round "6"]
[White "benhal"]
[Black "Everyfishknows"]
[Result "0-1"]
[WhiteElo "2396"]
[BlackElo "2298"]
[TimeControl "180+2"]
[EndTime "14:18:38 PDT"]
[Termination "Everyfishknows won by resignation"]

1. b3 g6 2. Bb2 Nf6 3. f4 Bg7 4.
Nf3 O-O 5. g3 d6 6. Bg2 Nc6 7.
O-O Re8 8. c4 e5 9. e3 Bf5 10.
h3 Bd3 11. Rf2 Ne4 12. Nc3 Nxf2 13. Kxf2 exf4 14. gxf4 Nb4 15. Na4 Bc2 16. Qe2 Nd3+ 17. Kg3 Nxb2 18. Nxb2 Bxb2 19. Rh1 Be4 20. d4 Bxf3 21. Qxf3 Qe7 0-1

[Event "*** Titled Tuesday Blitz"]
[Site "Chess.com"]
[Date "2019.07.02"]
[Round "6"]
[White "josiwales"]
[Black "Gabix_94"]
[Result "0-1"]
[WhiteElo "2479"]
[BlackElo "2689"]
[TimeControl "180+2"]
[EndTime "14:18:45 PDT"]
[Termination "Gabix_94 won by resignation"]

1. e4 c5 2. Nc3 Nc6 3. g3 g6 4. Bg2 Bg7 5. d3 d6 6. Be3 Rb8 7. Qd2 b5 8. Nge2 Nd4 9. Nc1 b4 10. Nd1 e6 11. c3 bxc3 12. bxc3 Nc6 13. Ne2 Nge7 14. h4 h5 15. f4 Ba6 16. Nf2 Qa5 17.
O-O O-O 18. a4 Rb3 19. Rfc1 Rfb8 20. Rc2 d5 21. e5 Nf5 22. Nc1 R3b7 23. Bf1 Nxg3 24.
c4 Qxd2 25. Bxd2 Nd4 26. Rca2 dxc4 27. Bc3 Nxf1 28. Kxf1 cxd3 29. Bxd4 d2+ 30. Ne2 Rb1+ 31. Kg2 Rxa1 32. Bxa1 Bxe2 33. Rxd2 Ba6 34. Ne4 Bb7 35. Kf3 c4 36. Bc3 Bd5 37. Ke3 Rb3 38. Rc2 Kf8 39.
Nc5 Rb1 40. Rb2 Rxb2 41. Bxb2 Ke8 42. Na6 Kd7 43. Nb4 Bf8 44. Nc2 Be7 45. Bd4 a6 46. a5 Bxh4 47. Nb4 Bb7 48. Bc3 Bd8 49. Nc2 h4 50. Kd4 h3 0-1

[Event "*** Titled Tuesday Blitz"]
[Site "Chess.com"]
[Date "2019.07.02"]
[Round "6"]
[White "SanchezKelvin"]
[Black "pedro_gines"]
[Result "1-0"]
[WhiteElo "2407"]
[BlackElo "2390"]
[TimeControl "180+2"]
[EndTime "14:18:48 PDT"]
[Termination "SanchezKelvin won by resignation"]

1. d4 c5 2. d5 g6 3. c4 Bg7 4. Nf3 b5 5. cxb5 a6 6. bxa6 Bxa6 7. Nc3 Nf6 8. e4 Bxf1 9. Kxf1 O-O 10. e5 Ng4 11.
Qe2 d6 12. e6 fxe6 13. Qxe6+ Kh8 14. Qxg4 Na6 15. Qe4 Nb4 16. h4 h6 17. Qxg6 Rf6 18. Qe4 Qb6 19. Rh3 Raf8 20. Rg3 c4 21. Be3 Qa6 22. Bd4 Nd3 23. Qxe7 R8f7 24. Qe8+ Rf8 25. Qb5 Qa5 26. Qxa5 1-0

[Event "*** Titled Tuesday Blitz"]
[Site "Chess.com"]
[Date "2019.07.02"]
[Round "6"]
[White "Andrei_Belozerov"]
[Black "Korchmar_Vasiliy"]
[Result "0-1"]
[WhiteElo "2544"]
[BlackElo "2750"]
[TimeControl "180+2"]
[EndTime "14:19:04 PDT"]
[Termination "Korchmar_Vasiliy won by checkmate"]

1. e4 c5 2. Nf3 d6 3. d4 cxd4 4. Nxd4 Nf6 5. Nc3 Nc6 6. Bg5 e6 7. Qd2 a6 8. O-O-O h6 9. Be3 Be7 10. f3 Nxd4 11. Bxd4 b5 12. Kb1 Rb8 13. g4 b4 14. Ne2 e5 15. Be3 Be6 16. Ng3 Qa5 17.
b3 d5 18. Nf5 Bf8 19. g5 hxg5 20. Bxg5 Nd7 21. Bc4 Nb6 22. Bd3 d4 23. f4 Na4 24.
bxa4 Qxa4 25. Qe2 Qxa2+ 26. Kc1 Qa1+ 27. Kd2 Qc3+ 28. Kc1 b3 29. Nxg7+ Kd7 30. Nxe6 Ba3+ 31. Kb1 Qb2# 0-1

[Event "*** Titled Tuesday Blitz"]
[Site "Chess.com"]
[Date "2019.07.02"]
[Round "6"]
[White "Komissarov_alex"]
[Black "warmoatmeal"]
[Result "1-0"]
[WhiteElo "2122"]
[BlackElo "1796"]
[TimeControl "180+2"]
[EndTime "14:19:14 PDT"]
[Termination "Komissarov_alex won by resignation"]

1. d4 Nf6 2. Nf3 e6 3. e3 d5 4.
Nbd2 c5 5. c3 Nc6 6. Bd3 b6 7.
O-O Bd6 8. e4 dxe4 9. Nxe4 Nxe4 10. Bxe4 Bb7 11. dxc5 Bxc5 12. Qa4 Qc7 13. Bf4 Qxf4 14.
Bxc6+ Bxc6 15. Qxf4 Ke7 16. Ne5 Be8 17. Rad1 f6 18.
Nc4 Rc8 19. Rfe1 Bf7 20. Nd6 e5 21. Nxc8+ Rxc8 22. Qd2 Kf8 23. Qd7 1-0

[Event "*** Titled Tuesday Blitz"]
[Site "Chess.com"]
[Date "2019.07.02"]
[Round "6"]
[White "MFBerna"]
[Black "LaughingTiger"]
[Result "1-0"]
[WhiteElo "2411"]
[BlackElo "2310"]
[TimeControl "180+2"]
[EndTime "14:19:21 PDT"]
[Termination "MFBerna won by checkmate"]

1. e4 c5 2. Nf3 e6 3. d4 cxd4 4. Nxd4 a6 5. Nc3 Qc7 6. g3 Nf6 7. Bg2 Bb4 8. O-O Bxc3 9. bxc3 Qxc3 10. Rb1 Nc6 11. Be3 O-O 12. Rb3 Qc4 13. f4 d5 14.
e5 Ne4 15. Qd3 Nc5 16. Qxc4 dxc4 17. Nxc6 cxb3 18. Ne7+ Kh8 19. Bxc5 Bd7 20. cxb3 Rab8 21. Bd6 Rbd8 22. Bxb7 Bb5 23. Rc1 Rd7 24. Bf3 h6 25.
Ng6+ fxg6 26. Bxf8 Rd2 27. Rc7 Rxa2 28. Bxg7+ Kg8 29.
Bg4 Ra1+ 30. Kf2 Ra2+ 31. Ke3 Rxh2 32. Bxe6+ Kh7 33. Bf6+ Bd7 34. Rxd7# 1-0

[Event "*** Titled Tuesday Blitz"]
[Site "Chess.com"]
[Date "2019.07.02"]
[Round "6"]
[White "ChessQueen"]
[Black "evgenyermolaev"]
[Result "1-0"]
[WhiteElo "2606"]
[BlackElo "2495"]
[TimeControl "180+2"]
[EndTime "14:19:30 PDT"]
[Termination "ChessQueen won by resignation"]

1. Nf3 Nf6 2. g3 g6 3. Bg2 Bg7 4. O-O O-O 5. d4 c5 6. dxc5 Na6 7. Be3 Qc7 8. Na3 Nxc5 9. Nb5 Qb6 10. a4 Ng4 11. Bd4 e5 12. Bc3 Nxa4 13. Rxa4 Qxb5 14. Rxg4 d5 15. Rb4 Qe8 16. Qxd5 Bd7 17. Nxe5 Be6 18. Qxb7 Rc8 19. Nc6 Bd7 20. Bxg7 Kxg7 21. Nxa7 Rxc2 22. Re4 Be6 23. Qb4 Qd7 24. Nb5 Kg8 25.
Rd4 Qc8 26. Nc3 Qc7 27. Rfd1 Qe5 28. Rd8 Rxd8 29. Rxd8+ Kg7 30. Qf8+ Kf6 31. Qh8+ Kf5 32. e4+ 1-0

[Event "*** Titled Tuesday Blitz"]
[Site "Chess.com"]
[Date "2019.07.02"]
[Round "6"]
[White "marianokar"]
[Black "Er_is_geen_hoop_meer"]
[Result "0-1"]
[WhiteElo "2450"]
[BlackElo "2364"]
[TimeControl "180+2"]
[EndTime "14:19:46 PDT"]
[Termination "Er_is_geen_hoop_meer won on time"]

1. c4 d6 2. g3 g6 3. Bg2 Bg7 4. Nf3 e5 5. d4 Nd7 6. O-O Ngf6 7. Nc3 O-O 8. e4 h6 9. h3 Nh7 10. Re1 Ng5 11. d5 a5 12. Bxg5 hxg5 13. Qd2 Bf6 14. b3 Kg7 15. Kf1 Rh8 16. Ke2 Nc5 17. Rh1 Bd7 18.
Qe3 c6 19. Rad1 cxd5 20. Nxd5 a4 21. b4 Ne6 22. Nxf6 Qxf6 23. Rxd6 Nd4+ 24. Rxd4 exd4 25.
Qxd4 Rhe8 26. e5 Bc6 27. Re1 Bxf3+ 28. Bxf3 Rxe5+ 29. Be4 Rae8 30. Kd3 Rd8 31. Bd5 Rxe1 0-1

[Event "*** Titled Tuesday Blitz"]
[Site "Chess.com"]
[Date "2019.07.02"]
[Round "6"]
[White "Alopekos"]
[Black "FedaMaster"]
[Result "1-0"]
[WhiteElo "2469"]
[BlackElo "2493"]
[TimeControl "180+2"]
[EndTime "14:19:49 PDT"]
[Termination "Alopekos won by checkmate"]

1. e4 d5 2. exd5 Qxd5 3. Nc3 Qd6 4. d4 Nf6 5. Nf3 a6 6. g3 Bg4 7. Bg2 Nc6 8. O-O O-O-O 9. Bf4 Qb4 10. h3 Bh5 11. g4 Bg6 12. a3 Qc4 13. Be3 e5 14. Nd2 Qe6 15. d5 Nxd5 16. Nxd5 Rxd5 17. Bxd5 Qxd5 18.
Nf3 Qe6 19. Nh4 Be4 20. f3 Bd5 21. b3 Be7 22. Nf5 Rd8 23. Qe2 e4 24. f4 Bf6 25.
c4 Bxa1 26. cxd5 Rxd5 27. Rxa1 h5 28. Rd1 hxg4 29. hxg4 g6 30. Rxd5 Qxd5 31. Nh6 Qxb3 32. Bf2 Qe6 33. Qb2 e3 34. Qh8+ Kd7 35. Be1 Nd4 36.
Qxd4+ Kc8 37. Qh8+ Kd7 38. Qd4+ Kc8 39. Qe5 Qb3 40. Qe8# 1-0

[Event "*** Titled Tuesday Blitz"]
[Site "Chess.com"]
[Date "2019.07.02"]
[Round "6"]
[White "m3alam"]
[Black "vlad_Sid"]
[Result "1/2-1/2"]
[WhiteElo "2378"]
[BlackElo "2553"]
[TimeControl "180+2"]
[EndTime "14:19:51 PDT"]
[Termination "Game drawn by repetition"]

1. Nf3 g6 2. g3 Bg7 3. h4 Nf6 4. Bh3 d5 5. Bxc8 Qxc8 6. d4 c5 7. c3 Nc6 8. dxc5 e5 9. Bg5 e4 10. Nd4 Ne5 11. Nb5 Qxc5 12. Bxf6 Bxf6 13. Qxd5 Qxd5 14. Nc7+ Kd7 15. Nxd5 Bg7 16. Nd2 f5 17. O-O-O Rad8 18. Ne3 Ke6 19. Ndc4 b5 20. Nxe5 Bxe5 21. Rxd8 Rxd8 22. Rd1 Rxd1+ 23. Kxd1 f4 24. gxf4 Bxf4 25. Nc2 Kd5 26. Ne3+ Ke6 27. Nc2 Kd5 28. Ne3+ Ke6 1/2-1/2

[Event "*** Titled Tuesday Blitz"]
[Site "Chess.com"]
[Date "2019.07.02"]
[Round "6"]
[White "VishnuPrasanna"]
[Black "Berardino"]
[Result "0-1"]
[WhiteElo "2786"]
[BlackElo "2541"]
[TimeControl "180+2"]
[EndTime "14:19:51 PDT"]
[Termination "Berardino won by resignation"]

1. d4 d5 2. c4 e6 3. Nf3 Nf6 4. g3 Be7 5. Qc2 O-O 6. Nbd2 c5 7. dxc5 Na6 8. cxd5 Nxd5 9. Bg2 Nxc5 10. O-O Bd7 11. Ne5 Rc8 12. Nxd7 Qxd7 13. Nf3 Bf6 14. Ng5 g6 15. Ne4 Nxe4 16. Qxe4 Bg7 17. Rd1 Qb5 18. a4 Qa6 19. Qd3 Qxd3 20. Rxd3 Nb4 21. Rb3 Nc2 22. Rb1 Nd4 23. Re3 Rc2 24. Bxb7 Nxe2+ 25. Rxe2 Rxe2 26. Ba6 Re1+ 27. Kg2 Rd8 0-1

[Event "*** Titled Tuesday Blitz"]
[Site "Chess.com"]
[Date "2019.07.02"]
[Round "6"]
[White "Lunaticx"]
[Black "OparinGrigoriy"]
[Result "0-1"]
[WhiteElo "2873"]
[BlackElo "2995"]
[TimeControl "180+2"]
[EndTime "14:19:57 PDT"]
[Termination "OparinGrigoriy won by resignation"]

1. d4 Nf6 2. Nf3 e6 3. g3 d5 4. Bg2 b5 5. O-O Bb7 6. a4 b4 7. c4 bxc3 8. bxc3 Be7 9. c4 dxc4 10. Na3 Bd5 11. Ne5 Bxg2 12. Kxg2 Nc6 13. Nxc6 Qd5+ 14. f3 Qxc6 15. Qc2 c3 16. Nb5 Bb4 17. Ba3 a5 18. e4 O-O 19. Qb3 Qb6 20. Qc4 Rfd8 21. Rfd1 c6 22. Nxc3 Bxa3 0-1

[Event "*** Titled Tuesday Blitz"]
[Site "Chess.com"]
[Date "2019.07.02"]
[Round "6"]
[White "STARMATEcc"]
[Black "colegiodemadrid"]
[Result "1-0"]
[WhiteElo "2555"]
[BlackElo "2444"]
[TimeControl "180+2"]
[EndTime "14:19:58 PDT"]
[Termination "STARMATEcc won by checkmate"]

1. e4 c5 2. Nf3 d6 3. d4 cxd4 4. Nxd4 Nf6 5. Nc3 a6 6. Bg5 e6 7. Qf3 h6 8. Be3 e5 9. Nde2 Nc6 10. O-O-O Be6 11. Rg1 Qa5 12. Kb1 b5 13. g4 Rb8 14. h4 b4 15. Nd5 b3 16. axb3 Bxd5 17.
exd5 Nb4 18. Nc3 Rc8 19. Bc4 Be7 20. g5 hxg5 21. hxg5 Nd7 22. g6 f6 23. Qf5 Rh4 24.
Rh1 Rcxc4 25. bxc4 Rxc4 26. Rh8+ Nf8 27. Qe6 Rxc3 28. Rxf8+ Kxf8 29. Qf7# 1-0

[Event "*** Titled Tuesday Blitz"]
[Site "Chess.com"]
[Date "2019.07.02"]
[Round "6"]
[White "pedromartinez91"]
[Black "Saitama_Hero"]
[Result "1-0"]
[WhiteElo "2426"]
[BlackElo "2249"]
[TimeControl "180+2"]
[EndTime "14:20:01 PDT"]
[Termination "pedromartinez91 won by resignation"]

1. e4 d6 2. d4 Nf6 3. Nc3 c6 4. Nf3 Bg4 5. h3 Bh5 6. g4 Bg6 7. Bd3 e6 8. Nh4 Be7 9. Nxg6 hxg6 10. Be3 d5 11. e5 Nfd7 12. Qe2 c5 13. dxc5 Nc6 14.
Nb5 Nxc5 15. f4 Bh4+ 16. Kf1 d4 17. Nd6+ Kf8 18. Bd2 Be7 19. Ne4 Qd5 20. a3 Kg8 21. Kg1 g5 22. Nxc5 Bxc5 23. Be4 Qd7 24. Kg2 gxf4 25.
Bxf4 Rf8 26. h4 f6 27. exf6 gxf6 28. Raf1 Ne7 29. Qc4 Rc8 30. Bd3 Kg7 31. g5 Rhf8 32. gxf6+ Rxf6 33. Be5 Ng8 34. Kh3 Bb6 35. Rhg1+ Kh8 36.
Rxg8+ Rxg8 37. Bxf6+ 1-0